 Dungeon Crawl Stone Soup version 0.32-a0-306-gfed3edf829 (webtiles) character file.

Game seed: 393715554735865760

2902 voltaire321 the Magician (level 9, 0/52 HPs)
             Began as a Deep Elf Earth Elementalist on Feb 14, 2024.
             Was a Follower of Vehumet.
             Succumbed to a killer bee's poison
             ... on level 7 of the Dungeon.
             The game lasted 00:17:34 (5539 turns).

voltaire321 the Magician (DEEE)                     Turns: 5539, Time: 00:17:35

Health: 0/52       AC:  5    Str:  7    XL:     9   Next: 49%
Magic:  13/22      EV: 15    Int: 29    God:    Vehumet [*.....]
Gold:   287        SH:  0    Dex: 15    Spells: 11/23 levels left

rFire   . . .        e - staff of earth
rCold   + . .        (no shield)
rNeg    + . .        a - +0 robe
rPois   .            v - +0 helmet
rElec   .            (no cloak)
rCorr   .            G - +1 pair of gloves
SInv    .            (no boots)
Will    +....        (no amulet)
Stlth   ++           u - ring of Eblameurgh {rC+ Will+ Int+6}
HPRegen 0.28/turn    x - ring of positive energy
MPRegen 0.18/turn

%: no passive effects
@: lethally poisoned (0 -> -9)
A: no striking features
a: Renounce Religion


You were on level 7 of the Dungeon.
You worshipped Vehumet.
Vehumet was aware of your devotion.
You visited 2 branches of the dungeon, and saw 8 of its levels.
You also visited: Ossuary.

You collected 287 gold pieces.

Inventory:

Hand Weapons
 H - a +3 mace of protection
Missiles
 n - 2 throwing nets
Armour
 a - a +0 robe (worn)
 v - a +0 helmet (worn)
 C - a +0 kite shield
 G - a +1 pair of gloves (worn)
Magical Staves
 e - a staff of earth (weapon)
Jewellery
 p - a ring of fire
 q - a +6 ring of strength
 t - a ring of ice
 u - the ring of Eblameurgh (left hand) {rC+ Will+ Int+6}
   (You found it on level 5 of the Dungeon)

   [ring of protection from cold]

   Int+6:     It affects your intelligence (+6).
   rC+:       It protects you from cold.
   Will+:     It increases your willpower.
 x - a ring of positive energy (right hand)
 B - a ring of willpower
Wands
 D - a wand of flame (30)
Scrolls
 f - 7 scrolls of identify {unknown}
 g - 4 scrolls of teleportation {unknown}
 j - a scroll of vulnerability {unknown}
 k - a scroll of amnesia {unknown}
 m - 3 scrolls of immolation {unknown}
 r - a scroll of fog {unknown}
 y - 2 scrolls of enchant armour {unknown}
 z - a scroll of torment {unknown}
 A - a scroll of revelation {unknown}
 E - a scroll of butterflies {unknown}
 F - a scroll of blinking {unknown}
 I - a scroll of poison {unknown}
 J - a scroll of acquirement {unknown}
Potions
 b - a potion of magic
 c - 2 potions of might {unknown}
 d - 2 potions of attraction {unknown}
 h - 4 potions of heal wounds {unknown}
 i - 2 potions of lignification {unknown}
 l - 2 potions of ambrosia {unknown}
 o - 2 potions of brilliance {unknown}
 s - 9 potions of curing {unknown}
 w - a potion of enlightenment {unknown}


   Skills:
 + Level 4.3 Fighting
 + Level 4.3 Armour
 + Level 7.0 Dodging
 - Level 2.4 Stealth
 + Level 7.6 Spellcasting
 + Level 5.6 Conjurations
 + Level 6.6 Earth Magic


You had 11 spell levels left.
You knew the following spells:

 Your Spells              Type           Power      Damage    Failure   Level
a - Sandblast             Erth           100%       2d20      1%          1
b - Passwall              Erth           65%        N/A       1%          3
c - Stone Arrow           Conj/Erth      100%       3d13      1%          3
d - Iskenderun's Battles  Conj           43%        2d9       13%         5

Your spell library contained the following spells:

 Spells                   Type           Power      Damage    Failure   Level
 Foxfire                  Conj/Fire      100%       2x1d9     1%          1
 Kiss of Death            Conj/Necr      100%       2d13      1%          1
 Brom's Barrelling Bould  Conj/Erth      63%        2d8       3%          4
 Ensorcelled Hibernation  Hex/Ice        22%        N/A       8%          2
 Petrify                  Alch/Erth      45%        N/A       12%         4
 Confusing Touch          Hex            11%        N/A       14%         3
 Swiftness                Air            11%        N/A       14%         3
 Fireball                 Conj/Fire      13%        3d7       38%         5
 Dispel Undead            Necr           11%        3d9       43%         4
 Conjure Ball Lightning   Conj/Air       13%        3x3d6     93%         6
 Orb of Destruction       Conj           21%        9d8       99%         7
 Sculpt Simulacrum        Ice/Alch       5%         N/A       100%        6
 Ozocubu's Refrigeration  Ice            5%         4d8       100%        7
 Polar Vortex             Ice            5%         N/A       100%        9


Dungeon Overview and Level Annotations

Branches:
Dungeon (7/15)             Temple (1/1) D:5         Ossuary (visited)

Altars:
Cheibriados
Dithmenos
Elyvilon
Fedhas
Gozag
Hepliaklqana
Kikubaaqudgha
Makhleb
Nemelex Xobeh
Okawaru
Qazlal
Ru
Sif Muna
Trog
Uskayaw
Vehumet
Xom
Yredelemnul
The Shining One

Annotations:
Temple 2 transporters


Message History

You feel sick. The killer bee closely misses you. The killer bee misses you.
Your Dodging skill increases to level 7!
Aiming: Sandblast (safe; 1% risk of failure)
Press: ? - help, Q - select action, (/) - cycle Shift-Dir - straight line, f - killer bee
Aim: a killer bee (70% to hit)
You feel a surge of power!
The blast of sand hits the killer bee!!
You kill the killer bee!
Vehumet accepts your kill.
You feel sick.
You are no longer poisoned.
The killer bee stings you but does no damage.
The killer bee stings you!
You are poisoned.
The killer bee poisons you!
Aiming: Sandblast (safe; 1% risk of failure)
Press: ? - help, Q - select action, (/) - cycle Shift-Dir - straight line, f - killer bee
Aim: a killer bee (70% to hit)
You feel a surge of power!
The blast of sand hits the killer bee!
The killer bee is almost dead.
You feel sick. The killer bee closely misses you. The killer bee stings you. x2
You are more poisoned.
The killer bee poisons you!
Aiming: Sandblast (safe; 1% risk of failure)
Press: ? - help, Q - select action, (/) - cycle Shift-Dir - straight line, f/p - killer bee
Aim: a killer bee (almost dead, 70% to hit)
You feel a surge of power!
The blast of sand misses the killer bee.
* * * LOW HITPOINT WARNING * * *
You feel very sick. The killer bee completely misses you.
The killer bee stings you.
* * * LOW HITPOINT WARNING * * *
The killer bee stings you.
* * * LOW HITPOINT WARNING * * *
Aiming: Sandblast (safe; 1% risk of failure)
Press: ? - help, Q - select action, (/) - cycle Shift-Dir - straight line, f/p - killer bee
Aim: a killer bee (almost dead, 70% to hit)
You feel a surge of power!
The blast of sand hits the killer bee!
You kill the killer bee!
Vehumet accepts your kill.
You die...

#.# #.# .# #.# #.#
#.#### ### #.# #####.#..
..# #.# .......# #.# #.#
#.....# #[# #.# #....#
####.###.#
.##.#####.#.###........#
......†@........##.#####
###.#####.#.######.#
#.#.######.#
..#........#
##.########## #.# #.#
#.#


There were no monsters in sight!

Vanquished Creatures
  Sigmund (D:6)
  Edmund (D:5)
  A sky beast (D:6)
  An ice beast (D:5)
  An ogre (D:6)
  2 phantoms (D:4)
  Blork the orc (D:5)
  A gnoll sergeant (D:5)
  2 scorpions
  6 killer bees (D:7)
  A howler monkey (D:4)
  2 bombardier beetles
  5 bullfrog zombies
  A jelly (D:6)
  A human zombie (D:4)
  4 hounds (D:5)
  3 orc priests
  11 mummies (Ossuary)
  2 iguanas
  5 sleepcaps
  2 orc wizards
  A scorpion zombie (D:4)
  3 crocodile zombies (Ossuary)
  A killer bee zombie (Ossuary)
  6 hound zombies
  4 hound skeletons (D:4)
  4 howler monkey zombies (Ossuary)
  Robin (D:4)
  8 gnolls
  8 adders
  2 shadow imps
  4 ufetubi
  2 adder zombies (D:4)
  An adder skeleton (D:4)
  A ribbon worm (D:4)
  4 dart slugs
  14 orcs
  6 bats
  3 endoplasms
  3 giant cockroaches
  16 goblins
  5 hobgoblins
  7 jackals
  4 quokkas
  6 ball pythons
  5 ball python zombies (Ossuary)
  3 frilled lizards
  8 kobolds
  6 rats
190 creatures vanquished.

Notes
Turn   | Place    | Note
-------+----------+-------------------------------------------
     0 | D:1      | voltaire321 the Deep Elf Earth Elementalist began the quest
                  | for the Orb.
     0 | D:1      | Reached XP level 1. HP: 10/10 MP: 6/6
   127 | D:1      | Reached XP level 2. HP: 12/15 MP: 4/8
   470 | D:1      | Reached XP level 3. HP: 20/20 MP: 7/9
   474 | D:1      | Learned a level 3 spell: Passwall
   478 | D:1      | Learned a level 3 spell: Stone Arrow
   614 | D:2      | Found a faded altar of an unknown god.
   802 | D:2      | Reached skill level 1 in Armour
  1052 | D:2      | Reached skill level 1 in Fighting
  1056 | D:2      | Reached XP level 4. HP: 25/25 MP: 8/11
  1498 | D:3      | Reached XP level 5. HP: 29/29 MP: 9/12
  2024 | D:4      | Noticed a phantom
  2027 | D:4      | Killed a phantom
  2028 | D:4      | Reached XP level 6. HP: 35/35 MP: 9/14
  2161 | D:4      | Noticed Robin
  2196 | D:5      | Entered Level 5 of the Dungeon
  2240 | D:5      | Found a staircase to the Ecumenical Temple.
  2268 | D:5      | Identified the ring of Eblameurgh {rC+ Will+ Int+6}
  2299 | D:4      | Killed Robin
  2345 | D:4      | Found a sand-covered staircase.
  2358 | Ossuary  | Entered an ossuary
  2441 | Ossuary  | Reached skill level 5 in Spellcasting
  2441 | Ossuary  | Reached XP level 7. HP: 40/40 MP: 13/16
  2507 | Ossuary  | HP: 2/40 [bog mummy (14)]
  2732 | Ossuary  | Reached skill level 5 in Dodging
  2732 | Ossuary  | Reached skill level 5 in Earth Magic
  2896 | Ossuary  | Reached XP level 8. HP: 45/45 MP: 15/18
  3025 | D:4      | Found a sparkling altar of Nemelex Xobeh.
  3329 | D:4      | Found an ancient bone altar of Kikubaaqudgha.
  3500 | D:4      | Found a snail-covered altar of Cheibriados.
  3682 | Temple   | Found a transporter.
  3682 | Temple   | Found a transporter.
  3682 | Temple   | Found a transporter.
  3682 | Temple   | Found a transporter.
  3682 | Temple   | Entered the Ecumenical Temple
  3713 | Temple   | Became a worshipper of Vehumet
  3806 | D:5      | Noticed Blork the orc
  3994 | D:5      | Killed Blork the orc
  4084 | D:5      | Noticed Edmund
  4090 | D:5      | Killed Edmund
  4214 | D:5      | Reached skill level 5 in Conjurations
  4375 | D:5      | Reached XP level 9. HP: 52/52 MP: 19/21
  4415 | D:5      | Found a stormy altar of Qazlal.
  4657 | D:5      | Learned a level 5 spell: Iskenderun's Battlesphere
  5034 | D:6      | Reached * piety under Vehumet
  5034 | D:6      | Offered knowledge of Foxfire by Vehumet.
  5071 | D:6      | Noticed Sigmund
  5091 | D:6      | Killed Sigmund
  5539 | D:7      | Succumbed to a killer bee's poison

Illustrated notes

Levels and vault maps discovered:
D:1:      dreamdust_arrival_beginning_and_end, layout_rooms
D:2:      layout_rooms, basic_ecumenical_altar
D:3:      layout_basic, serial_curves, eino_curves_02, eino_curves_03,
          eino_curves_02
D:4:      layout_loops_ring, lemuel_mausoleum_altar_kikubaaqudgha,
          mainiacjoe_overflow_alcove_1, mainiacjoe_overflow_six_doors_small,
          mainiacjoe_ossuary_entry_find_the_door, uniq_robin
D:5:      layout_rooms, mainiacjoe_overflow_catwalk,
          minmay_temple_entry_mini_moons, kennysheep_generic_room_6,
          uniq_blork_the_orc, uniq_edmund
D:6:      layout_cave_pods, uniq_sigmund
D:7:      layout_loops_corners, kennysheep_little_box, uniq_jeremiah,
          uniq_prince_ribbit1, uniq_pikel, uniq_menkaure
Temple:   hellmonk_temple_divided_pantheon

Skill      XL: |  1  2  3  4  5  6  7  8  9 |
---------------+----------------------------+-----
Dodging        | 3 4 5 6 7 |  7.0
Armour         | 1 2 3 4 |  4.3
Fighting       | 1 2 3 4 |  4.3
Conjurations   | 2 3 5 |  5.6
Spellcasting   | 4 5 6 7 |  7.6
Earth Magic    | 4 5 6 |  6.6
Stealth        | |  2.4

Action                     |  1- 3 |  4- 6 |  7- 9 || total
---------------------------+-------+-------+-------++-------
  Melee: Staff             |       |       |     1 ||     1
   Cast: Sandblast         |    39 |    96 |   168 ||   303
         Stone Arrow       |       |       |    11 ||    11
    Use: Potion            |       |     1 |     1 ||     2
 Armour: Robe              |     4 |    20 |    44 ||    68
  Dodge: Dodged            |     3 |    37 |    67 ||   107

Table legend: (Time is in decaauts)
 A = Elapsed time spent in this place.
 B = Non-inter-level travel time spent in this place.
 C = Inter-level travel time spent in this place.
 D = Time resting spent in this place.
 E = Time spent auto-exploring this place.
 F = Levels seen in this place.
 G = Mean time per level.
                   A        B        C        D        E       F      G
               +--------+--------+--------+--------+--------+-----+--------+
         Total |   5662 |   5504 |    158 |    921 |   3008 |   9 |  629.1 |
       Dungeon |   5013 |   4855 |    158 |    599 |   2935 |   7 |  716.1 |
        Temple |     47 |     47 |      0 |      0 |      0 |   1 |   47.0 |
       Ossuary |    601 |    601 |      0 |    322 |     73 |   1 |  601.0 |
               +--------+--------+--------+--------+--------+-----+--------+

Top non-repeatable levels by time:
     D:4: 1366 daAuts
     D:3: 818 daAuts
     D:5: 762 daAuts
     D:6: 737 daAuts
     D:2: 665 daAuts
 Ossuary: 601 daAuts
     D:1: 542 daAuts
     D:7: 120 daAuts
  Temple: 47 daAuts
